AoeStats
← b站江条

Arabian Desert

508518326Analyzed
1v1 RM · 9d ago on Sep 22, 2026· 52m 11s· 2 players
Game mode
Random Map
Map size
Tiny (2 player)
Population
200
Speed
Normal
Resources
Standard
Victory
Conquest
Starting age
Dark Age
Ending age
Imperial Age
RankedLock teamsTeams togetherTeam positionsShared explorationLock speedFull tech treeHidden civsTurbo modeCheats
Victory
Defeat
🇨🇳 Maya · China
1413
+12
🇬🇧 Vikings · United Kingdom
1313
-12
SoiledFool
7:40 Loom
9:59 Feudal Age
10:38 Man-at-Arms
13:42 Double-Bit Axe
21:30 Fletching
25:29 Castle Age
23:44 Gold Mining
25:15 Forging
25:11 Scale Barding Armor
31:02 Scale Mail Armor
32:03 Squires
31:50 Arson
34:34 Chain Mail Armor
39:55 Bodkin Arrow
41:30 Bow Saw
42:02 Gold Shaft Mining
41:46 Horse Collar
42:38 Heavy Plow
43:11 Elite Skirmisher
46:34 Imperial Age
43:51 Town Watch
44:19 Stone Mining
44:48 Padded Archer Armor
44:59 Crossbowman
46:03 Leather Archer Armor
46:47 Ballistics
47:20 Bracer
47:51 Ring Archer Armor
48:55 Chemistry
47:31 Cavalier
50:09 Chain Barding Armor
b站江条
0:25 Loom
9:17 Feudal Age
10:07 Double-Bit Axe
24:19 Castle Age
22:23 Padded Archer Armor
23:01 Fletching
22:58 Horse Collar
24:02 Gold Mining
24:28 Crossbowman
25:12 Bodkin Arrow
26:31 Bow Saw
26:41 Thumb Ring
31:03 Wheelbarrow
31:17 Heavy Plow
34:43 Hand Cart
40:36 Imperial Age
38:31 Ballistics
39:19 Stone Mining
41:13 Arbalester
42:43 Bracer
44:41 Chemistry
45:00 Conscription
47:58 Two-Man Saw
47:56 Stone Shaft Mining
47:39 Leather Archer Armor
48:54 Town Watch
49:21 Guilds
50:10 Town Patrol
52:17 Ring Archer Armor
Connection lost

Rejoining the realm…

Still unreachable

The connection could not be restored.

Session expired

The server has moved on; the page needs a fresh start.